 Dungeon Crawl Stone Soup version 0.31-a0-1074-g0b22e4e0f1 (webtiles) character file.

Game seed: 806748358910594941

74 Jeffwins the Ruffian (level 4, -1/34 HPs)
             Began as an Armataur Shapeshifter on Nov 26, 2023.
             Slain by a gnoll
             ... wielding a +0 spear
              (2 damage)
             ... on level 2 of the Dungeon.
             The game lasted 00:01:40 (1041 turns).

Jeffwins the Ruffian (Armataur Shapeshifter)        Turns: 1041, Time: 00:01:42

Health: -1/34      AC:  4    Str: 20    XL:     4   Next: 9%
Magic:  4/4        EV:  9    Int: 12    God:
Gold:   40         SH:  0    Dex:  9    Spells: 3/3 levels left

rFire   . .          .
                       - Unarmed
rCold   . . .        (no shield)
rNeg    . . .        a - +0 animal skin
rPois   .            (helmet currently unavailable)
rElec   .            (cloak currently unavailable)
rCorr   .            (gloves currently unavailable)
SInv    .            (no barding)
Will    +....        (no amulet)
Stlth   +            (no ring)
HPRegen 0.25/turn    (no ring)
MPRegen 0.09/turn

%: roll
@: beast-form, enlightened, flying
A: beast (slay +2), large, deformed body, tough skin 3, armoured tail, roll 1,
long tongue
a: Begin Untransformation


You were on level 2 of the Dungeon.
You were a hulking beast.
You visited 1 branch of the dungeon, and saw 2 of its levels.

You collected 40 gold pieces.


Innate Abilities, Weirdness & Mutations

You are a hulking beast.
Your limbs bulge with bestial killing power. (Slay +2)
Armour fits poorly on your strangely shaped body.
You have extremely tough skin. (AC +3)
You have a long armoured tail.
You roll when moving toward enemies. (Rampage)
Your long tongue fully drains potion bottles. (2x potion effects)


   Skills:
 - Level 0.8 Fighting
 - Level 1.3 Dodging
 * Level 3.7 Unarmed Combat
 * Level 3.5 Shapeshifting


You had 3 spell levels left.
You didn't know any spells.
Your spell library contained the following spells:

 Spells                   Type           Power      Damage    Failure   Level
 Ensorcelled Hibernation  Hex/Ice        0%         N/A       45%         2
 Passwall                 Tmut/Erth      0%         N/A       45%         2
 Swiftness                Air            0%         N/A       69%         3

Inventory:

Missiles
 r - 6 boomerangs (quivered)
Armour
 a - a +0 animal skin (worn)
Talismans
 c - a beast talisman
 d - a flux talisman
Scrolls
 f - a scroll of fog {unknown}
 g - a scroll of vulnerability {unknown}
 h - a scroll of amnesia {unknown}
 i - a scroll of identify {unknown}
 j - a scroll of teleportation {unknown}
 k - 3 scrolls of silence {unknown}
 l - a scroll of brand weapon {unknown}
 p - a scroll of fear {unknown}
 s - a scroll of poison {unknown}
Potions
 b - a potion of lignification {!q}
 e - a potion of enlightenment
 n - a potion of curing {unknown}
 o - a potion of degeneration {unknown}
 q - a potion of brilliance {unknown}

Dungeon Overview and Level Annotations

Branches:
Dungeon (2/15)

Altars:

Shops:
D:1

= # # #. +# ...
####.#######.#.....
........hgg(.......
#......####.#.....
#.###...# #.# ###
#.#.###.# #+#.....#
#....###..#####
#.... #......###
#.... ##.###...#
###.# #.# ###.### #


You could see 2 gnolls.


Message History

Unknown command.
Okay, then.
Okay, then.
You barely miss the giant cockroach. The giant cockroach bites you.
You barely miss the giant cockroach. The giant cockroach bites you.
You hit the giant cockroach.
You kill the giant cockroach!
You hit the gnoll.
The gnoll is moderately wounded.
The gnoll hits you with a +0 flail!
* * * LOW HITPOINT WARNING * * *
The gnoll misses you.
Unknown command.
Okay, then.
Unknown command.
You hit the gnoll.
The gnoll is severely wounded.
The gnoll barely misses you.
The gnoll hits you from afar with a +0 spear!
* * * LOW HITPOINT WARNING * * *
Unknown command.
Okay, then.
It was a potion of enlightenment.
You feel very buoyant.
You fly up into the air.
You slurp down every last drop of the potion of enlightenment!
The gnoll hits you with a +0 flail.
* * * LOW HITPOINT WARNING * * *
The gnoll hits you from afar with a +0 spear.
You die...

Skill      XL: |  1  2 |
---------------+-------+-----
Unarmed Combat | 3 |  3.7
Shapeshifting  | 3 |  3.5
Fighting       | |  0.8
Dodging        | |  1.3

Action                     |  1- 3 |  4- 6 || total
---------------------------+-------+-------++-------
  Melee: Unarmed           |    78 |     5 ||    83
         Punch             |     4 |       ||     4
         Tailslap          |     6 |       ||     6
  Throw: Dart              |     2 |       ||     2
         Boomerang         |     2 |       ||     2
    Use: Potion            |       |     1 ||     1
 Armour: Animal skin       |    32 |     6 ||    38
  Dodge: Dodged            |    42 |     2 ||    44

Levels and vault maps discovered:
D:1:      dpeg_arrival_water_temple_mockup, layout_loops_ring, serial_shops,
          nicolae_shop_gaudy_bauble, hellmonk_ecumenical_altar_arch_garden
D:2:      layout_basic, st_stairs_3, grunt_decor_fettered

Notes
Turn   | Place    | Note
-------+----------+-------------------------------------------
     0 | D:1      | Jeffwins the Armataur Shapeshifter began the quest for the
                  | Orb.
     0 | D:1      | Reached XP level 1. HP: 15/15 MP: 1/1
   142 | D:1      | Found Nuutegg's Jewellery Shoppe.
   184 | D:1      | Reached skill level 3 in Unarmed Combat
   236 | D:1      | Reached XP level 2. HP: 22/22 MP: 2/2
   236 | D:1      | Found a faded altar of an unknown god.
   247 | D:1      | Reached skill level 3 in Shapeshifting
   744 | D:2      | Reached XP level 3. HP: 27/27 MP: 3/3
  1036 | D:2      | Reached XP level 4. HP: 24/34 MP: 4/4
  1041 | D:2      | HP: 1/34 [gnoll/+0 flail (5)]
  1041 | D:2      | Slain by a gnoll

Vanquished Creatures
  2 gnolls (D:2)
  2 adders (D:2)
  A ball python (D:1)
  3 bats
  4 endoplasms
  3 giant cockroaches
  4 goblins
  3 hobgoblins (D:1)
  2 kobolds (D:1)
  3 quokkas (D:1)
  2 frilled lizards (D:1)
  4 rats
33 creatures vanquished.

Table legend: (Time is in decaauts)
 A = Elapsed time spent in this place.
 B = Non-inter-level travel time spent in this place.
 C = Inter-level travel time spent in this place.
 D = Time resting spent in this place.
 E = Time spent auto-exploring this place.
 F = Levels seen in this place.
 G = Mean time per level.
                   A        B        C        D        E       F      G
               +--------+--------+--------+--------+--------+-----+--------+
         Total |   1036 |    992 |     44 |      0 |    787 |   2 |  518.0 |
       Dungeon |   1036 |    992 |     44 |      0 |    787 |   2 |  518.0 |
               +--------+--------+--------+--------+--------+-----+--------+

Top non-repeatable levels by time:
     D:1: 723 daAuts
     D:2: 313 daAuts

Table legend:
 A = Non-vault XP
 B = Vault XP
 C = Vault XP percentage of total XP
 D = Non-vault monster count
 E = Vault monster count
 F = Vault count percentage of total count
                 A         B        C        D         E       F
            +---------+---------+-------+---------+---------+-------
      Total |      92 |      14 |  13.2 |      31 |       2 |   6.1
            +---------+---------+-------+---------+---------+-------
        D:1 |      39 |       0 |   0.0 |      21 |       0 |   0.0
        D:2 |      53 |      14 |  20.9 |      10 |       2 |  16.7
            +---------+---------+-------+---------+---------+-------
